 Dungeon Crawl Stone Soup version 0.29-a0-559-g359e09b9d1 (webtiles) character file.

Game seed: 7807531179741242558

47 raistware the Digger (level 3, 0/24 HPs)
             Began as a Human Earth Elementalist on June 9, 2022.
             Slain by a goblin
             ... wielding a +0 club
             ... led by Robin
              (4 damage)
             ... on level 2 of the Dungeon.
             The game lasted 00:02:45 (1561 turns).

raistware the Digger (Human Earth Elementalist)     Turns: 1561, Time: 00:02:45

Health: 0/24       AC:  5    Str:  8    XL:     3   Next: 97%
Magic:  0/7        EV: 12    Int: 17    God:
Gold:   19         SH:  0    Dex: 13    Spells: 1/7 levels left

rFire   . . .      SeeInvis .   c - +2 rapier (protect)
rCold   . . .      Faith    .   (no shield)
rNeg    + . .      Spirit   .   i - +2 robe {rN+}
rPois   .          Reflect  .   (no helmet)
rElec   .          Harm     .   h - +0 cloak
rCorr   .          Rampage  .   (no gloves)
Will    .....                   (no boots)
Stlth   ++........              (no amulet)
HPRegen 0.08/turn               (no ring)
MPRegen 0.10/turn               (no ring)

@: invisible
A: no striking features
a: no special abilities


You were on level 2 of the Dungeon.
You visited 1 branch of the dungeon, and saw 2 of its levels.

You collected 19 gold pieces.

Inventory:

Hand Weapons
 c - a +2 rapier of protection (weapon)
Missiles
 a - 51 stones
Armour
 h - a +0 cloak (worn)
 i - a +2 robe of positive energy (worn)
Scrolls
 e - 2 scrolls of teleportation {unknown}
 j - a scroll of identify {unknown}
Potions
 d - a potion of attraction {unknown}
 f - a potion of resistance {unknown}
 g - a potion of heal wounds {unknown}
 k - a potion of curing {unknown}


   Skills:
 - Level 2.0 Dodging
 - Level 2.0 Stealth
 * Level 2.7 Spellcasting
 + Level 1.7 Transmutations
 * Level 3.6 Earth Magic


You had one spell level left.
You knew the following spells:

 Your Spells              Type           Power      Damage    Failure   Level
a - Sandblast             Erth           28%        2d8       4%          1
b - Passwall              Tmut/Erth      9%         N/A       9%          2
c - Stone Arrow           Conj/Erth      16%        3d8       26%         3

Your spell library contained the following spells:

 Spells                   Type           Power      Damage    Failure   Level
 Petrify                  Tmut/Erth      11%        N/A       52%         4


Dungeon Overview and Level Annotations

Branches:
Dungeon (2/15)

Altars:

Annotations:
D:2 Robin


Message History

The blast of sand hits the goblin!
You kill the goblin!
The goblin hits you with a +0 club.
* * * LOW HITPOINT WARNING * * *
The goblin hits you but does no damage.
Casting: Sandblast (safe; 4% risk of failure)
Confirm with . or Enter, or press ? or * to list all spells.
Aiming: Sandblast (safe; 4% risk of failure)
Press: ? - help, Shift-Dir - straight line, f - Robin
Aim: Robin, wielding a +0 short sword, wearing a +0 animal skin and wearing a +0 helmet (85% to hit)
The blast of sand hits Robin.
Robin is moderately wounded.
The goblin hits you with a +0 club.
* * * LOW HITPOINT WARNING * * *
The goblin misses you.
Robin roars a battlecry!
The goblin goes into a battle-frenzy!
Casting: Sandblast (safe; 4% risk of failure)
Confirm with . or Enter, or press ? or * to list all spells.
Aiming: Sandblast (safe; 4% risk of failure)
Press: ? - help, Shift-Dir - straight line, f/p - Robin
Aim: Robin, wielding a +0 short sword, wearing a +0 animal skin and wearing a +0 helmet (moderately wounded, 85% to hit)
The blast of sand hits Robin but does no damage.
Robin is moderately wounded.
The goblin barely misses you. The goblin closely misses you.
Robin throws the goblin at you!
* * * LOW HITPOINT WARNING * * *
Casting: Sandblast (safe; 4% risk of failure)
Confirm with . or Enter, or press ? or * to list all spells.
Aiming: Sandblast (safe; 4% risk of failure)
Press: ? - help, Shift-Dir - straight line, f/p - Robin
Aim: Robin, wielding a +0 short sword, wearing a +0 animal skin and wearing a +0 helmet (moderately wounded, 85% to hit)
The blast of sand hits the goblin.
The goblin is moderately wounded.
The goblin closely misses you. The goblin hits you but does no damage.
The goblin hits you with a +0 dagger.
* * * LOW HITPOINT WARNING * * *
You fade into invisibility!
The goblin hits you with a +0 club.
You die...

.. #.. ... #.#
### #.# #..##.#
##.#.# #..
#.#####g#..# #..
#..ggg@###.# #..
#######g#.## #..
#.## #.. #.# #..
#.# #.. #<# #..
#.######## #..
#......[.#####.#
########......[#


You could see Robin (can't see you) and 4 goblins.

Vanquished Creatures
  A worm (D:2)
  2 ball pythons (D:1)
  5 bats (D:1)
  3 endoplasms
  4 giant cockroaches
  3 goblins
  4 hobgoblins
  6 jackals (D:1)
  3 kobolds (D:1)
  A quokka (D:1)
  A frilled lizard (D:1)
  4 rats
37 creatures vanquished.

Notes
Turn   | Place    | Note
-------+----------+-------------------------------------------
     0 | D:1      | raistware the Human Earth Elementalist began the quest for
                  | the Orb.
     0 | D:1      | Reached XP level 1. HP: 13/13 MP: 3/3
   163 | D:1      | Reached XP level 2. HP: 18/19 MP: 3/5
   363 | D:1      | Found a faded altar of an unknown god.
   443 | D:1      | Reached XP level 3. HP: 17/24 MP: 2/6
  1279 | D:1      | Learned a level 2 spell: Passwall
  1283 | D:1      | Learned a level 3 spell: Stone Arrow
  1550 | D:2      | Noticed Robin
  1561 | D:2      | Slain by a goblin

Illustrated notes

Levels and vault maps discovered:
D:1:      scummos_arrival_simple_crosswalls, layout_basic,
          ebering_ecumenical_altar_sacrificial
D:2:      layout_loops_ring, serial_aquarium, aquarium_bridge_long_separate
          [aquarium_subvault_wall, aquarium_subvault_bridge,
          aquarium_subvault_bridge, aquarium_subvault_wall,
          aquarium_subvault_bridge, aquarium_subvault_wall],
          aquarium_bridge_square [aquarium_subvault_wall,
          aquarium_subvault_balcony, aquarium_subvault_bridge,
          aquarium_subvault_bridge], aquarium_window_corner,
          aquarium_window_corridor_2, aquarium_window_double,
          aquarium_window_corner, aquarium_view_2b, aquarium_balcony_3a,
          aquarium_pool_five, uniq_robin

Action                   || total
-------------------------++-------
Melee: Unarmed           ||     4
       Rapier            ||    56
 Cast: Sandblast         ||    31
  Use: Potion            ||     2
 Stab: Sleeping          ||     5
Armor: Robe              ||    28
Dodge: Dodged            ||    65

Table legend: (Time is in decaauts)
 A = Elapsed time spent in this place.
 B = Non-inter-level travel time spent in this place.
 C = Inter-level travel time spent in this place.
 D = Time resting spent in this place.
 E = Time spent auto-exploring this place.
 F = Levels seen in this place.
 G = Mean time per level.
                   A        B        C        D        E       F      G
               +--------+--------+--------+--------+--------+-----+--------+
         Total |   1571 |   1501 |     70 |      0 |   1249 |   2 |  785.5 |
       Dungeon |   1571 |   1501 |     70 |      0 |   1249 |   2 |  785.5 |
               +--------+--------+--------+--------+--------+-----+--------+

Top non-repeatable levels by time:
     D:1: 1415 daAuts
     D:2: 155 daAuts
